 Dungeon Crawl Stone Soup version 0.30-a0-782-ge64f9170bb (webtiles) character file.

Game seed: 9982831381878408322

13 HoaS the Slasher (level 2, -2/27 HPs)
             Began as a Minotaur Berserker on Mar 7, 2023.
             Was a Follower of Trog.
             Slain by a quokka (5 damage)
             ... on level 1 of the Dungeon.
             The game lasted 00:01:27 (506 turns).

HoaS the Slasher (Minotaur Berserker)                Turns: 506, Time: 00:01:27

Health: -2/27      AC:  2    Str: 21    XL:     2   Next: 24%
Magic:  1/1        EV: 12    Int:  4    God:    Trog [*.....]
Gold:   28         SH:  0    Dex:  9    Spells: 1/1 levels left

rFire   . . .      SeeInvis .    (no weapon)
rCold   . . .      Faith    .    (no shield)
rNeg    . . .      Spirit   .    b - +0 animal skin
rPois   .          Reflect  .    (helmet restricted)
rElec   .          Harm     .    (no cloak)
rCorr   .          Rampage  .    (no gloves)
Will    .....                    (no boots)
Stlth   +                        (no amulet)
HPRegen 0.24/turn                (no ring)
MPRegen 0.07/turn                (no ring)

@: no status effects
A: horns 2, retaliatory headbutt
a: Renounce Religion, Berserk


You were on level 1 of the Dungeon.
You worshipped Trog.
Trog was aware of your devotion.
You visited 1 branch of the dungeon, and saw 1 of its levels.

You collected 28 gold pieces.

Inventory:

Hand Weapons
 a - a +0 falchion
Armour
 b - a +0 animal skin (worn)
Scrolls
 e - 2 scrolls of identify {unknown}
 f - a scroll of amnesia {unknown}
Potions
 c - a potion of curing {unknown}
 d - a potion of brilliance {unknown}
 g - a potion of heal wounds {unknown}


   Skills:
 - Level 3.6 Fighting
 + Level 4.4 Long Blades
 - Level 2.4 Armour
 - Level 2.2 Dodging


You had one spell level left.
You didn't know any spells.
Your spell library was empty.

Dungeon Overview and Level Annotations

Branches:
Dungeon (1/15)

Altars:


Innate Abilities, Weirdness & Mutations

You have a pair of horns on your head.
You reflexively headbutt those who attack you in melee.


Message History

The giant cockroach barely misses you. You furiously retaliate!
You headbutt the giant cockroach!
You kill the giant cockroach!
Trog accepts your kill.
You see here a giant cockroach corpse.
e - 2 scrolls labelled REOCSY BICIUNG (gained 1) As you open the door, it creaks loudly!
Found a robe.
There is an open door here.
You open the door.
There is an open door here.
A quokka comes into view.
You see here a scroll labelled BUOZOXKISI.
A quokka is nearby!
A quokka is nearby!
A quokka is nearby!
The quokka bites you. The quokka closely misses you. The quokka bites you.
The quokka closely misses you. The quokka bites you. The quokka bites you.
The quokka bites you. The quokka closely misses you. The quokka bites you.
The quokka bites you. The quokka closely misses you.
The quokka barely misses you. The quokka bites you. x2
The quokka bites you but does no damage.
The quokka barely misses you. The quokka closely misses you.
The quokka bites you. The quokka closely misses you.
The quokka barely misses you. You furiously retaliate!
You headbutt the quokka, but do no damage.
The quokka bites you.
* * * LOW HITPOINT WARNING * * *
The quokka bites you.
* * * LOW HITPOINT WARNING * * *
The quokka bites you.
You die...

###...........#
##........### .#
##.####### .# #.# .#
#.# .# ##'## .# ##...##
.# ##.....## ###r####
#.......## ##.@....#
#.........####....##.#
+.........'............
#.........#############
##.....[.## ##.....##
########### ##...##
#.........# ##+#
#.⌠..<..⌠.# #.#
#.........#


You could see a quokka.

Vanquished Creatures
  An endoplasm (D:1)
  2 giant cockroaches (D:1)
  2 hobgoblins (D:1)
  A quokka (D:1)
  A frilled lizard (D:1)
  2 goblins (D:1)
  A kobold (D:1)
  2 rats (D:1)
12 creatures vanquished.

Notes
Turn   | Place    | Note
-------+----------+-------------------------------------------
     0 | D:1      | HoaS the Minotaur Berserker began the quest for the Orb.
     0 | D:1      | Reached XP level 1. HP: 19/19 MP: 0/0
   142 | D:1      | Reached skill level 4 in Long Blades
   249 | D:1      | Reached XP level 2. HP: 3/27 MP: 1/1
   506 | D:1      | Slain by a quokka

Illustrated notes

Levels and vault maps discovered:
D:1:      minmay_arrival_hallway, layout_loops_corners, serial_shops,
          nicolae_diamond_shop, minmay_tetromino_t2

Skill      XL: |  1 |
---------------+----+-----
Long Blades    | 4 |  4.4
Fighting       | |  3.6
Armour         | |  2.4
Dodging        | |  2.2

Action                     || total
---------------------------++-------
  Melee: Falchion          ||    10
         Headbutt          ||     3
 Armour: Animal skin       ||    18
  Dodge: Dodged            ||    53

Table legend: (Time is in decaauts)
 A = Elapsed time spent in this place.
 B = Non-inter-level travel time spent in this place.
 C = Inter-level travel time spent in this place.
 D = Time resting spent in this place.
 E = Time spent auto-exploring this place.
 F = Levels seen in this place.
 G = Mean time per level.
                   A        B        C        D        E       F      G
               +--------+--------+--------+--------+--------+-----+--------+
         Total |    506 |    506 |      0 |      0 |    245 |   1 |  506.0 |
       Dungeon |    506 |    506 |      0 |      0 |    245 |   1 |  506.0 |
               +--------+--------+--------+--------+--------+-----+--------+

Top non-repeatable levels by time:
     D:1: 506 daAuts
